 Dungeon Crawl Stone Soup version 0.29-a0-1019-g84f7d21838 (webtiles) character file.

Game seed: 15220574280644236529

67 xian the Shooter (level 3, -6/21 HPs)
             Began as a Deep Elf Hunter on Aug 10, 2022.
             Mangled by a gnoll
             ... wielding a +1 flail of venom
              (9 damage)
             ... on level 3 of the Dungeon.
             The game lasted 00:03:03 (1513 turns).

xian the Shooter (Deep Elf Hunter)                  Turns: 1513, Time: 00:03:04

Health: -6/21      AC:  3    Str:  8    XL:     3   Next: 98%
Magic:  5/5        EV: 12    Int: 13    God:
Gold:   90         SH:  0    Dex: 20    Spells: 2/2 levels left

rFire   + . .      SeeInvis .   d - +0 whip (venom)
rCold   x . .      Faith    .   (no shield)
rNeg    . . .      Spirit   .   c - +0 leather armour
rPois   .          Reflect  .   (no helmet)
rElec   .          Harm     .   (no cloak)
rCorr   .          Rampage  .   (no gloves)
Will    .....                   (no boots)
Stlth   ++........              (no amulet)
HPRegen 0.07/turn               l - ring of fire
MPRegen 0.09/turn               (no ring)

@: no status effects
A: no striking features
a: no special abilities


You were on level 3 of the Dungeon.
You visited 1 branch of the dungeon, and saw 3 of its levels.

You collected 90 gold pieces.

Inventory:

Hand Weapons
 a - a +0 shortbow
 d - a +0 whip of venom (weapon)
Missiles
 m - 4 boomerangs of dispersal
 q - 2 throwing nets
Armour
 c - a +0 leather armour (worn)
Jewellery
 l - a ring of fire (left hand)
Scrolls
 b - 2 scrolls of immolation
 e - 5 scrolls of identify {unknown}
 f - 2 scrolls of fear {unknown}
 g - 2 scrolls of noise {unknown}
 h - a scroll of amnesia {unknown}
 i - a scroll of teleportation {unknown}
 k - a scroll of blinking {unknown}
 r - 3 scrolls of vulnerability {unknown}
 s - a scroll of silence {unknown}
 t - a scroll of enchant armour {unknown}
Potions
 j - 3 potions of curing {unknown}
 n - a potion of might {unknown}
 o - 2 potions of heal wounds {unknown}
 p - a potion of cancellation {unknown}
 u - a potion of invisibility {unknown}


   Skills:
 + Level 1.9 Fighting
 + Level 7.0 Ranged Weapons
 + Level 0.3 Armour
 + Level 2.4 Dodging
 + Level 1.4 Stealth


You had 2 spell levels left.
You didn't know any spells.
Your spell library was empty.

Dungeon Overview and Level Annotations

Branches:
Dungeon (3/15)

Altars:
Ashenzari
Uskayaw

Shops:
D:1 (


Message History

You shoot an arrow.
The arrow hits the orc but does no damage.
The orc is moderately wounded.
The orc hits you with a +0 club.
A gnoll comes into view. It is wielding a +1 flail of venom.
You shoot an arrow.
The arrow hits the orc but does no damage.
The orc is moderately wounded.
You hear a shout!
The orc completely misses you.
You hear a shout!
You shoot an arrow. The arrow hits the orc.
The orc is almost dead.
The orc hits you with a +0 club.
A gnoll comes into view. It is wielding a +0 spear.
You are too injured to fight recklessly!
You are too injured to fight recklessly!
You are too injured to fight recklessly!
You are too injured to fight recklessly!
Your +0 whip of venom begins to drip with poison!
d - a +0 whip of venom (weapon)
The orc closely misses you.
You barely miss the orc.
The orc is almost dead.
The orc closely misses you. The orc attacks as you move away!
The orc hits you with a +0 club. The orc attacks as you move away!
The orc hits you with a +0 club.
* * * LOW HITPOINT WARNING * * *
Found an emerald potion.
The orc attacks as you move away! The orc barely misses you.
Unknown command.
The orc hits you with a +0 club.
* * * LOW HITPOINT WARNING * * *
You closely miss the orc.
The orc is almost dead.
The orc hits you with a +0 club.
* * * LOW HITPOINT WARNING * * *
The gnoll attacks as you move away!
The gnoll hits you with a +1 flail of venom!
You die...

.... ##......####......#
.....##................#
......)..).......##.!..###
..#####.#####..###...!.....
#.....# #..#...#.......
#.###.# #.#..##..?..... #
##(## #...## ..#.....
..#[##...####o..#....#.....
......._....@g...!#.## ....
.#####...##.#...###.# ....
##.###.#.#.# .#
#.###.#...##..## .. ##
#.....#....#.(... ...
#.#####.#####...........##
#..##.......#.......(........#
#...#......###...............#
#............................#


You could see a gnoll and an orc.

Vanquished Creatures
  3 adders (D:2)
  6 endoplasms
  2 giant cockroaches
  3 goblins
  2 hobgoblins (D:1)
  2 jackals (D:1)
  A quokka (D:1)
  9 bats
  A frilled lizard (D:1)
  5 kobolds
  3 rats
37 creatures vanquished.

Notes
Turn   | Place    | Note
-------+----------+-------------------------------------------
     0 | D:1      | xian the Deep Elf Hunter began the quest for the Orb.
     0 | D:1      | Reached XP level 1. HP: 12/12 MP: 3/3
   163 | D:1      | Found a faded altar of an unknown god.
   210 | D:1      | Reached XP level 2. HP: 16/16 MP: 4/4
   265 | D:1      | Found Geadda's Antique Weapon Shop.
   277 | D:1      | Reached skill level 6 in Ranged Weapons
   697 | D:2      | Reached XP level 3. HP: 21/21 MP: 5/5
  1402 | D:3      | Found a broken altar of Ashenzari.
  1430 | D:3      | Reached skill level 7 in Ranged Weapons
  1451 | D:3      | Found a hide-covered altar of Uskayaw.
  1513 | D:3      | Mangled by a gnoll

Illustrated notes

Levels and vault maps discovered:
D:1:      lightli_arrival_quake, layout_rooms, shapermc_ecumenical_altar_ellora,
          serial_shops, nicolae_shop_competitors_out_of_business,
          minmay_misc_feat_nine_boxes
D:2:      layout_basic
D:3:      layout_rooms, mainiacjoe_overflow_chevrons,
          nicolae_overflow_crystal_walls, minmay_misc_feat_pillars

Skill      XL: |  1  2  3 |
---------------+----------+-----
Ranged Weapons | 6 7 |  7.0
Fighting       | |  1.9
Armour         | |  0.3
Dodging        | |  2.4
Stealth        | |  1.4

Action                   || total
-------------------------++-------
Melee: Whip              ||     2
 Fire: Shortbow          ||    99
Armor: Leather armour    ||    11
Dodge: Dodged            ||    29

Table legend: (Time is in decaauts)
 A = Elapsed time spent in this place.
 B = Non-inter-level travel time spent in this place.
 C = Inter-level travel time spent in this place.
 D = Time resting spent in this place.
 E = Time spent auto-exploring this place.
 F = Levels seen in this place.
 G = Mean time per level.
                   A        B        C        D        E       F      G
               +--------+--------+--------+--------+--------+-----+--------+
         Total |   1533 |   1517 |     16 |      0 |   1272 |   3 |  511.0 |
       Dungeon |   1533 |   1517 |     16 |      0 |   1272 |   3 |  511.0 |
               +--------+--------+--------+--------+--------+-----+--------+

Top non-repeatable levels by time:
     D:2: 739 daAuts
     D:1: 664 daAuts
     D:3: 129 daAuts
